 Dungeon Crawl Stone Soup version 0.29.1-2-gbd0b4ee654 (webtiles) character file.

Game seed: 7191533119813505871

452 Lutefisk the Protected (level 7, -2/51 HPs)
             Began as a Gnoll Wanderer on Nov 13, 2022.
             Was a Follower of Fedhas.
             Succumbed to a killer bee's poison
             ... on level 6 of the Dungeon.
             The game lasted 00:14:08 (2943 turns).

Lutefisk the Protected (Gnoll Wanderer)             Turns: 2943, Time: 00:14:09

Health: -2/51      AC:  9    Str: 10    XL:     7   Next: 4%
Magic:  12/12      EV: 11    Int: 11    God:    Fedhas [*.....]
Gold:   291        SH:  5    Dex: 15    Spells: 12/13 levels left

rFire   . . .      SeeInvis .   k - +1 short sword (elec)
rCold   + . .      Faith    .   (no shield)
rNeg    . . .      Spirit   .   b - +0 ring mail
rPois   .          Reflect  +   (no helmet)
rElec   .          Harm     .   r - +0 cloak
rCorr   .          Rampage  .   (no gloves)
Will    .....                   e - +0 pair of boots
Stlth   +.........              u - amulet of reflection
HPRegen 0.17/turn               w - ring of protection from cold
MPRegen 0.13/turn               (no ring)

@: mighty, brilliant, lethally poisoned (-2 -> -22), about to teleport, flying,
hasted, very quick
A: fangs 1, strong nose, distributed training
a: Renounce Religion


You were on level 6 of the Dungeon.
You worshipped Fedhas.
Fedhas was aware of your devotion.
You visited 1 branch of the dungeon, and saw 6 of its levels.

You collected 291 gold pieces.

Inventory:

Hand Weapons
 a - a +0 sling
 k - a +1 short sword of electrocution (weapon)
 m - a +0 hand axe of venom
Missiles
 o - 9 poisoned darts (quivered)
Armour
 b - a +0 ring mail (worn)
 e - a +0 pair of boots (worn)
 r - a +0 cloak (worn)
Jewellery
 u - an amulet of reflection (around neck)
 w - a ring of protection from cold (left hand)
 D - an amulet of regeneration
Scrolls
 c - a scroll of enchant weapon
 g - a scroll of blinking {unknown}
 h - a scroll of butterflies {unknown}
 i - a scroll of magic mapping {unknown}
 l - a scroll of teleportation
 p - 2 scrolls of identify {unknown}
 v - a scroll of fear {unknown}
 y - a scroll of poison {unknown}
 B - a scroll of torment {unknown}
 C - a scroll of noise {unknown}
Potions
 d - 3 potions of haste
 j - a potion of resistance {unknown}
 n - a potion of might
 q - a potion of degeneration {unknown}
 s - a potion of curing {unknown}
 t - a potion of magic {unknown}
 x - a potion of ambrosia {unknown}
 z - a potion of attraction {unknown}
 A - a potion of brilliance


   Skills:
 + Level 2.3 Fighting
 + Level 2.3 Short Blades
 + Level 2.3 Long Blades
 + Level 2.3 Axes
 + Level 2.3 Maces & Flails
 + Level 2.3 Polearms
 + Level 2.3 Staves
 + Level 5.1 Ranged Weapons
 + Level 2.3 Throwing
 + Level 8.9 Armour
 + Level 3.5 Dodging
 + Level 2.3 Stealth
 + Level 2.3 Shields
 + Level 2.3 Unarmed Combat
 + Level 3.7 Spellcasting
 + Level 1.9 Conjurations
 + Level 4.2 Hexes
 + Level 1.9 Summonings
 + Level 1.9 Necromancy
 + Level 1.9 Translocations
 + Level 1.9 Transmutations
 + Level 1.9 Fire Magic
 + Level 1.9 Ice Magic
 + Level 1.9 Air Magic
 + Level 1.9 Earth Magic
 + Level 1.9 Poison Magic
 + Level 2.5 Invocations
 + Level 2.3 Evocations


You had 12 spell levels left.
You knew the following spells:

 Your Spells              Type           Power      Damage    Failure   Level
a - Slow                  Hex            68%        N/A       9%          1

Your spell library contained the following spells:

 Spells                   Type           Power      Damage    Failure   Level
 Sting                    Tmut/Pois      36%        1d4       24%         1
 Sublimation of Blood     Necr           9%         N/A       34%         2
 Wereblood                Tmut           9%         N/A       34%         2
 Anguish                  Hex/Necr       6%         N/A       82%         4
 Leda's Liquefaction      Hex/Erth       6%         N/A       82%         4
 Summon Hydra             Summ           4%         N/A       100%        7


Dungeon Overview and Level Annotations

Branches:
Dungeon (6/15)             Temple (0/1) D:5

Altars:
Fedhas
The Shining One


Innate Abilities, Weirdness & Mutations

You have very sharp teeth.
Your uncanny sense of smell can sniff out nearby items.
Your experience applies equally to all skills.


Message History

You are poisoned.
The killer bee poisons you!
A killer bee comes into view.
The killer bee closely misses you.
An ufetubus comes into view.
The killer bee stings you.
You are more poisoned.
The killer bee poisons you!
Unknown command.
It was a potion of haste.
You feel yourself speed up.
You feel very sick.
The ufetubus shouts!
The killer bee buzzes angrily.
The killer bee stings you.
You are more poisoned.
The killer bee poisons you! You block the killer bee's attack.
An adder comes into view.
The killer bee stings you!
* * * LOW HITPOINT WARNING * * *
The killer bee barely misses you.
It was a potion of might.
You feel very mighty all of a sudden.
* * * LOW HITPOINT WARNING * * *
You feel very sick.
The adder hisses angrily.
The killer bee stings you but does no damage. x2
Okay, then.
It was a potion of brilliance.
You feel clever all of a sudden.
* * * LOW HITPOINT WARNING * * *
You feel very sick. The killer bee stings you!
* * * LOW HITPOINT WARNING * * *
You are more poisoned.
The killer bee poisons you!
The killer bee stings you but does no damage.
It was a potion of flight.
You feel very buoyant.
You fly up into the air.
You die...
Fedhas appreciates your contribution to the ecosystem.

.# #.##.......
......$...## #.##.......
........#..###.##.......
..!yyS..##..##†##.......
...............##.......
...5...........######.##
......y......[........#
#.yy......#######..#
#=.@......# #..#
#.........# ##..#
#.........#### #....
#.........'..# #....
#.........##.# #.)..
############.###....
#...#.... ###.#....
#......


You could see 5 killer bees, an adder and an ufetubus.

Vanquished Creatures
  An ice beast (D:5)
  2 scorpions
  A hound (D:4)
  2 iguanas (D:4)
  3 adders
  A dart slug (D:5)
  2 orcs
  5 ball pythons
  5 bats
  3 endoplasms
  2 goblins
  7 hobgoblins
  11 jackals
  7 kobolds
  4 quokkas
  4 frilled lizards
  9 rats
69 creatures vanquished.

Vanquished Creatures (collateral kills)
  A scorpion (D:5)
1 creature vanquished.

Grand Total: 70 creatures vanquished

Notes
Turn   | Place    | Note
-------+----------+-------------------------------------------
     0 | D:1      | Lutefisk the Gnoll Wanderer began the quest for the Orb.
     0 | D:1      | Lutefisk set off with the following items: a +0 sling, a +0
                  | ring mail, a scroll of summoning; and the following spell
                  | memorised: Slow; and the following spells available to
                  | memorise: Anguish, Leda's Liquefaction.
     0 | D:1      | Reached XP level 1. HP: 13/13 MP: 4/4
   222 | D:1      | Reached XP level 2. HP: 13/19 MP: 5/5
   531 | D:1      | Reached XP level 3. HP: 12/25 MP: 7/7
  1019 | D:2      | Reached skill level 1 in Invocations
  1369 | D:3      | Found a blossoming altar of Fedhas.
  1383 | D:3      | Reached skill level 1 in Fighting
  1383 | D:3      | Reached skill level 1 in Short Blades
  1383 | D:3      | Reached skill level 1 in Long Blades
  1383 | D:3      | Reached skill level 1 in Axes
  1383 | D:3      | Reached skill level 1 in Maces & Flails
  1383 | D:3      | Reached skill level 1 in Polearms
  1383 | D:3      | Reached skill level 1 in Staves
  1383 | D:3      | Reached skill level 1 in Throwing
  1383 | D:3      | Reached skill level 1 in Stealth
  1383 | D:3      | Reached skill level 1 in Shields
  1383 | D:3      | Reached skill level 1 in Unarmed Combat
  1383 | D:3      | Reached skill level 1 in Evocations
  1442 | D:3      | Became a worshipper of Fedhas Madash
  1503 | D:3      | Reached XP level 4. HP: 16/32 MP: 8/8
  1746 | D:2      | Found a faded altar of an unknown god.
  1760 | D:2      | Got Plato's Vellum of Noxious Transformation
  1930 | D:4      | Noticed a scorpion
  1950 | D:4      | Reached skill level 1 in Conjurations
  1950 | D:4      | Reached skill level 1 in Summonings
  1950 | D:4      | Reached skill level 1 in Necromancy
  1950 | D:4      | Reached skill level 1 in Translocations
  1950 | D:4      | Reached skill level 1 in Transmutations
  1950 | D:4      | Reached skill level 1 in Fire Magic
  1950 | D:4      | Reached skill level 1 in Ice Magic
  1950 | D:4      | Reached skill level 1 in Air Magic
  1950 | D:4      | Reached skill level 1 in Earth Magic
  1950 | D:4      | Reached skill level 1 in Poison Magic
  1967 | D:4      | Noticed a scorpion
  1979 | D:4      | Killed a scorpion
  1979 | D:4      | Reached * piety under Fedhas
  1980 | D:4      | Reached XP level 5. HP: 21/37 MP: 6/9
  2155 | D:4      | Reached XP level 6. HP: 39/44 MP: 9/11
  2459 | D:5      | Entered Level 5 of the Dungeon
  2468 | D:5      | Found a staircase to the Ecumenical Temple.
  2539 | D:5      | Noticed an ice beast
  2548 | D:5      | Reached skill level 5 in Ranged Weapons
  2572 | D:5      | Killed an ice beast
  2624 | D:5      | Noticed an ice beast
  2757 | D:5      | Found a glowing golden altar of the Shining One.
  2885 | D:6      | Reached XP level 7. HP: 34/51 MP: 12/12
  2942 | D:6      | HP: 1/51 [killer bee (7)]
  2943 | D:6      | Succumbed to a killer bee's poison

Illustrated notes

Levels and vault maps discovered:
D:1:      co_arrival_random_square_maze, layout_basic, serial_shops,
          nicolae_shop_crystal
D:2:      layout_basic, shapermc_ecumenical_altar_rom_forum,
          nicolae_figureground_sparkle
D:3:      layout_basic, fedhas_altar_1, minmay_misc_feat_diagonals,
          kennysheep_potato
D:4:      layout_gridville
D:5:      layout_rooms, mainiacjoe_overflow_alcove_1, temple_statues
D:6:      minmay_chambers_of_fours, layout_basic, jmf_multi_god_temple2

Skill      XL: |  1  2  3  4  5  6 |
---------------+-------------------+-----
Invocations    | 1 2 |  2.5
Fighting       | 1 2 |  2.3
Short Blades   | 1 2 |  2.3
Long Blades    | 1 2 |  2.3
Axes           | 1 2 |  2.3
Maces & Flails | 1 2 |  2.3
Polearms       | 1 2 |  2.3
Staves         | 1 2 |  2.3
Throwing       | 1 2 |  2.3
Stealth        | 1 2 |  2.3
Shields        | 1 2 |  2.3
Unarmed Combat | 1 2 |  2.3
Evocations     | 1 2 |  2.3
Spellcasting   | 3 |  3.7
Conjurations   | 1 |  1.9
Summonings     | 1 |  1.9
Necromancy     | 1 |  1.9
Translocations | 1 |  1.9
Transmutations | 1 |  1.9
Fire Magic     | 1 |  1.9
Ice Magic      | 1 |  1.9
Air Magic      | 1 |  1.9
Earth Magic    | 1 |  1.9
Poison Magic   | 1 |  1.9
Dodging        | 3 |  3.5
Hexes          | 4 |  4.2
Ranged Weapons | 5 |  5.1
Armour         | |  8.9

Action                   |  1- 3 |  4- 6 |  7- 9 || total
-------------------------+-------+-------+-------++-------
Melee: Spear             |    39 |       |       ||    39
       Bite              |    12 |    11 |       ||    23
       Punch             |     1 |     1 |       ||     2
       Short sword       |    84 |   127 |       ||   211
 Fire: Sling             |    49 |     4 |       ||    53
Throw: Dart              |       |     6 |       ||     6
 Cast: Slow              |       |     8 |       ||     8
  Use: Scroll            |       |     1 |     2 ||     3
       Potion            |       |       |     4 ||     4
 Stab: Sleeping          |       |     1 |       ||     1
Armor: Ring mail         |    65 |    39 |     3 ||   107
Dodge: Dodged            |    90 |    59 |     2 ||   151
Block: Other             |       |    25 |     3 ||    28
